cohdb
Replays
Latest Replays
All Replays
Popular Replays
Top Player Replays
Match Explorer
How It Works
Community
CoH3 Stats
Reddit
Sign in to upload your games and track your stats! →
Sign in with Steam
Match 42766507
Unlisted
Match 42766507
Overview
Messages
Build Orders
End
Kradschützen Motorcycle Team
Selects Italian Infantry
Panzergrenadier Squad
Panzergrenadier Squad
Construct Light Support Kompanie
Assault Grenadier Squad
2.5-tonne Medical Truck
Panzerjäger Mechanized Group
Selects Guastatori Squad
Guastatori Squad
Construct Mechanized Kompanie
Marder III Tank Destroyer
Selects L6/40 Light Tank Combat Group
Selects Towed Cannone da 105/28 Field Howitzer
Towed Cannone da 105/28 Field Howitzer
Construct Panzerarmee Kommand
Panzer III L Medium Tank
Selects Defensive Operations
Selects Territory Booby Traps
Emergency Repair Kits
Armored Reserves
Walking Stuka Rocket Launcher
BigTiddyLebron
kreumat
Ambro
FUNKY SARS
0
0
Comments
sign in to comment!
No comments posted yet!